 Dungeon Crawl Stone Soup version 0.25.0-9-g26727b6 (webtiles) character file.

Game seed: 4549076932516628049

30382 shmeve the Cleaver (level 13, -17/119 HPs)
             Began as a Minotaur Berserker on June 21, 2020.
             Was a High Priest of Trog.
             Killed from afar by Loipt's ghost (33 damage)
             ... with a bolt of lightning
             ... on level 5 of the Lair of Beasts.
             The game lasted 00:30:55 (14527 turns).

shmeve the Cleaver (Minotaur Berserker)            Turns: 14527, Time: 00:30:56

Health: -17/119    AC: 25    Str: 31    XL:     13   Next: 20%
Magic:  12/12      EV: 11    Int:  5    God:    Trog [*****.]
Gold:   870        SH: 14    Dex: 11    Spells: 12/12 levels left

rFire    . . .     SeeInvis .   N - +2 hand axe (vamp)
rCold    . . .     Gourm    .   P - +0 kite shield
rNeg     . . .     Faith    .   w - +0 plate armour
rPois    .         Spirit   .   K - +2 hat
rElec    .         Reflect  .   d - +2 cloak
rCorr    .         Harm     .   (no gloves)
MR       ++...                  J - +0 pair of boots
Stlth    ..........             (no amulet)
HPRegen  1.29/turn              t - +6 ring of strength
MPRegen  0.13/turn              C - +4 ring of protection

@: berserk cooldown, regenerating, slowed, very slow
A: retaliatory headbutt, horns 2
a: Berserk, Trog's Hand, Brothers in Arms, Renounce Religion


You were on level 5 of the Lair of Beasts.
You worshipped Trog.
Trog was extremely pleased with you.
You were near starving.

You visited 2 branches of the dungeon, and saw 15 of its levels.

You collected 1098 gold pieces.
You spent 228 gold pieces at shops.

Inventory:

Hand Weapons
 N - a +2 vampiric hand axe (weapon)
 O - a +5 executioner's axe of flaming
Missiles
 A - 4 boomerangs (quivered)
 B - 11 silver boomerangs
 M - 2 javelins
Armour
 d - a +2 cloak (worn)
 w - a +0 plate armour (worn)
 J - a +0 pair of boots (worn)
 K - a +2 hat (worn)
 P - a +0 kite shield (worn)
Jewellery
 o - an uncursed ring of see invisible
 t - a +6 ring of strength (left hand)
 C - a +4 ring of protection (right hand)
Wands
 U - a wand of clouds (6)
Scrolls
 a - 2 scrolls of acquirement {unknown}
 e - 9 scrolls of identify
 g - 5 scrolls of amnesia {unknown}
 h - 12 scrolls of teleportation {unknown}
 i - 4 scrolls of enchant armour {unknown}
 m - a scroll of enchant weapon {unknown}
 n - 10 scrolls of remove curse {unknown}
 q - 4 scrolls of random uselessness {unknown}
 s - 2 scrolls of magic mapping {unknown}
 u - 2 scrolls of immolation
 y - 2 scrolls of vulnerability {unknown}
 z - 2 scrolls of fear {unknown}
 E - 4 scrolls of blinking {unknown}
 F - a scroll of holy word {unknown}
 H - a scroll of brand weapon {unknown}
 I - 3 scrolls of fog {unknown}
 L - 2 scrolls of silence {unknown}
 S - a scroll of noise {unknown}
Potions
 b - 2 potions of magic {unknown}
 f - 10 potions of heal wounds
 j - 2 potions of berserk rage {unknown}
 k - 4 potions of haste
 l - 4 potions of stabbing {unknown}
 p - 9 potions of curing
 r - a potion of lignification {unknown}
 v - a potion of brilliance {unknown}
 x - 2 potions of flight {unknown}
 D - 2 potions of might {unknown}
 G - a potion of resistance
 Q - a potion of cancellation {unknown}
Comestibles
 c - 30 rations


   Skills:
 * Level 12.8 Fighting
 * Level 13.0 Axes
 + Level 7.6 Throwing
 + Level 9.5 Armour
 + Level 8.6 Dodging
 * Level 12.6 Shields


You had 12 spell levels left.
You didn't know any spells.
Your spell library was empty.

Dungeon Overview and Level Annotations

Branches:
Dungeon (10/15)            Temple (0/1) D:6            Lair (5/6) D:8
  Swamp (0/4) Lair:2        Snake (0/4) Lair:3
  Slime: Lair:5-6       Orc: D:9-12

Altars:
Ashenzari
Dithmenos
Elyvilon
Fedhas
Hepliaklqana
Ru
Yredelemnul
Zin

Shops:
D:9 !

Annotations:
Lair:3 exclusion: oklob plant
Lair:4 exclusion: oklob plant
Lair:5 Loipt's ghost, journeyman TeAE


Innate Abilities, Weirdness & Mutations

You reflexively headbutt those who attack you in melee.
You have a pair of horns on your head.


Message History

You are no longer berserk.
You are exhausted.
You feel as though you will be slow longer.
Loipt's ghost gestures wildly while chanting.
You are struck by an arc of lightning!
The torpor snail is struck by an arc of lightning!
You hit Loipt's ghost but do no damage.
Loipt's ghost is heavily damaged.
Loipt's ghost casts a spell at you. The bolt of lightning hits you!!!
You hit Loipt's ghost.
Loipt's ghost is severely damaged.
Loipt's ghost points at you and mumbles some strange words.
The bolt of lightning hits you!!
* * * LOW HITPOINT WARNING * * *
You miss Loipt's ghost. Your headbutt misses Loipt's ghost.
Loipt's ghost is severely damaged.
Loipt's ghost gestures at you while chanting.
The bolt of lightning hits you!!
You die...

##................
#.................
##............P..
##....#####..##. ##....##
...#. #....###§§§#.....
#....###§w§# .... #
#.....###W##..... ..
##.......@....... +..
##.............. .. ...
#P.............. .......
##..P.............#... ..
###..................# #
##...................##
##......................
##.......................
#............P...........


You could see a torpor snail and Loipt's ghost (swift).

Vanquished Creatures
  Gastronok (Lair:1)
  A dire elephant (Lair:1)
  Fannar (Lair:1)
  Erica (D:9)
  Sonja (Lair:5)
  9 elephants
  9 spiny frogs
  2 rime drakes
  A komodo dragon (Lair:1)
  2 tyrant leeches (Lair:2)
  A troll (D:10)
  A polar bear (Lair:4)
  A queen bee (D:8)
  Prince Ribbit (D:5)
  3 blink frogs (Lair:1)
  7 dream sheep (Lair:5)
  4 hippogriffs
  35 yaks
  2 wraiths (D:8)
  2 wyverns (Lair:1)
  2 basilisks
  A steam dragon (Lair:4)
  Grum (D:9)
  2 swamp worms (Lair:2)
  5 nagas (Lair:3)
  2 water moccasins
  7 porcupines
  4 orc warriors
  An ice beast (D:6)
  4 phantoms
  A necrophage (D:10)
  7 ogres
  2 black bears
  13 wolves
  3 centaurs
  4 crocodiles
  2 big kobolds
  14 bullfrogs
  A gnoll sergeant (D:10)
  A water moccasin zombie (D:8)
  3 scorpions
  17 killer bees (D:8)
  5 wights (D:7)
  3 howler monkeys (D:9)
  3 crimson imps
  A jelly (D:10)
  8 orc priests
  3 centaur skeletons
  4 hounds
  A quasit (D:8)
  2 bullfrog skeletons
  An iguana (D:8)
  16 orc wizards
  7 worker ants
  A howler monkey zombie (D:9)
  2 worker ant zombies
  8 gnolls
  13 adders
  A shadow imp (D:6)
  2 oozes
  5 adder skeletons
  An adder zombie (D:5)
  3 worms
  3 dart slugs
  3 leopard geckos
  49 orcs
  5 giant cockroaches
  9 goblins
  9 hobgoblins
  10 jackals
  10 kobolds
  3 quokkas
  3 ball pythons
  9 bats
  7 frilled lizards
  A leopard gecko skeleton (D:4)
  A quokka zombie (D:6)
  8 rats
  3 fungi
405 creatures vanquished.

Vanquished Creatures (collateral kills)
  The ghost of ChodeyFoster the Cleaver, a novice DsCK of Xom (D:8)
  A wraith (D:8)
2 creatures vanquished.

Vanquished Creatures (others)
  A lindwurm (Lair:1)
  An orc (D:8)
  10 toadstools (Lair:1)
12 creatures vanquished.

Grand Total: 419 creatures vanquished

Notes
Turn   | Place    | Note
-------+----------+-------------------------------------------
     0 | D:1      | shmeve the Minotaur Berserker began the quest for the Orb.
     0 | D:1      | Reached XP level 1. HP: 19/19 MP: 0/0
   161 | D:1      | Reached skill level 4 in Axes
   164 | D:1      | Reached XP level 2. HP: 27/27 MP: 1/1
   694 | D:2      | Reached XP level 3. HP: 30/33 MP: 2/2
   698 | D:2      | Reached ** piety under Trog
   953 | D:2      | Found a blossoming altar of Fedhas.
   953 | D:2      | Found a hazy altar of Hepliaklqana.
  1131 | D:3      | Reached skill level 1 in Throwing
  1131 | D:3      | Reached XP level 4. HP: 41/41 MP: 3/3
  1255 | D:3      | Reached skill level 5 in Axes
  1263 | D:3      | Reached XP level 5. HP: 42/47 MP: 4/4
  1363 | D:3      | Found a shattered altar of Ashenzari.
  1368 | D:3      | Reached *** piety under Trog
  1536 | D:3      | Reached skill level 5 in Fighting
  2096 | D:3      | Reached XP level 6. HP: 54/56 MP: 5/5
  2451 | D:4      | Found a glowing silver altar of Zin.
  2453 | D:4      | Found a shadowy altar of Dithmenos.
  2491 | D:4      | Reached skill level 6 in Axes
  2689 | D:4      | Reached XP level 7. HP: 52/62 MP: 6/6
  3533 | D:5      | Entered Level 5 of the Dungeon
  3565 | D:5      | Noticed Prince Ribbit
  3602 | D:5      | Killed Prince Ribbit
  3602 | D:5      | Reached skill level 7 in Axes
  4018 | D:5      | Reached XP level 8. HP: 68/73 MP: 7/7
  4128 | D:5      | Found a white marble altar of Elyvilon.
  4548 | D:6      | Reached skill level 5 in Armour
  4561 | D:6      | Reached **** piety under Trog
  4565 | D:6      | Reached skill level 8 in Axes
  4617 | D:6      | Reached skill level 5 in Dodging
  4774 | D:6      | Reached XP level 9. HP: 79/81 MP: 8/8
  5074 | D:6      | Got a sparkling copper ring
  5278 | D:6      | Reached skill level 9 in Axes
  5281 | D:6      | Found a staircase to the Ecumenical Temple.
  5336 | D:6      | Found a sacrificial altar of Ru.
  6279 | D:8      | Reached skill level 5 in Throwing
  6470 | D:8      | Found a staircase to the Lair.
  6515 | D:8      | Reached ***** piety under Trog
  6665 | D:8      | Found a runed translucent gate.
  6665 | D:8      | Found a runed translucent gate.
  6665 | D:8      | Found a runed translucent gate.
  6780 | D:8      | Reached skill level 10 in Axes
  6934 | D:8      | Found a basalt altar of Yredelemnul.
  6950 | D:8      | Reached XP level 10. HP: 93/93 MP: 9/9
  7020 | D:8      | Noticed ChodeyFoster's ghost (novice DsCK)
  7106 | D:8      | Reached skill level 10 in Fighting
  7739 | D:8      | Killed ChodeyFoster's ghost
  7824 | D:9      | Noticed Erica
  7844 | D:9      | Killed Erica
  7844 | D:9      | Reached skill level 11 in Axes
  8124 | D:9      | Found Mecaidetoxt's Distillery.
  8127 | D:9      | Bought a potion of curing for 36 gold pieces
  8127 | D:9      | Bought a potion of heal wounds for 60 gold pieces
  8127 | D:9      | Bought a potion of curing for 36 gold pieces
  8127 | D:9      | Bought a potion of curing for 36 gold pieces
  8127 | D:9      | Bought a potion of heal wounds for 60 gold pieces
  8642 | D:9      | Reached XP level 11. HP: 102/102 MP: 10/10
  8647 | D:9      | Noticed Grum
  8669 | D:9      | Killed Grum
  8858 | D:10     | Entered Level 10 of the Dungeon
  9217 | D:10     | Received a gift from Trog
  9307 | D:10     | Reached skill level 1 in Shields
  9830 | Lair:1   | Entered Level 1 of the Lair of Beasts
  9924 | Lair:1   | Noticed Fannar
  9942 | Lair:1   | Killed Fannar
 10343 | Lair:1   | Noticed Gastronok
 10373 | Lair:1   | Killed Gastronok
 10500 | Lair:1   | Noticed a lindwurm
 10500 | Lair:1   | Noticed a dire elephant
 10522 | Lair:1   | Found a runed translucent door.
 10555 | Lair:1   | Reached XP level 12. HP: 93/110 MP: 11/11
 10577 | Lair:1   | Reached skill level 10 in Shields
 10629 | Lair:1   | Killed a dire elephant
 10644 | Lair:1   | Identified the ring of New Discoveries {Ice Str+2 Int-2
                  | Slay+3} (You found it on level 6 of the Dungeon)
 11402 | Lair:2   | Found a staircase to the Swamp.
 11487 | Lair:2   | You fall into a shaft and drop 2 floors!
 11779 | Lair:3   | Reached skill level 12 in Axes
 11781 | Lair:3   | Found a staircase to the Snake Pit.
 12054 | Lair:3   | You fall into a shaft and drop 1 floor!
 12057 | Lair:4   | Found a dark tunnel.
 13955 | Lair:5   | Noticed Sonja
 13981 | Lair:5   | Reached XP level 13. HP: 96/118 MP: 12/12
 14012 | Lair:5   | Killed Sonja
 14108 | Lair:5   | Reached skill level 13 in Axes
 14467 | Lair:5   | Found a runed translucent door.
 14469 | Lair:5   | Noticed Loipt's ghost (journeyman TeAE)
 14527 | Lair:5   | Killed from afar by Loipt's ghost

Illustrated notes

Levels and vault maps discovered:
D:1:      mainiacjoe_arrival_reflecting_pool, layout_basic
D:2:      minmay_recursive_quarters, layout_rooms,
          gammafunk_temple_overflow_wave, first_ration
D:3:      layout_loops_ring, overflow_temple_1_default, serial_forest,
          infiniplex_forest_corner_1, infiniplex_forest_clump_small,
          infiniplex_forest_clump_tiny, infiniplex_forest_straight_2,
          infiniplex_forest_lined_2, infiniplex_forest_straight_2,
          infiniplex_forest_lined_2, infiniplex_forest_end_3,
          infiniplex_forest_end_2, infiniplex_forest_lined_2, minmay_pentangle
D:4:      layout_loops_ring, nicolae_overflow_hidden_temple
D:5:      layout_layer_cave, elyvilon_altar_1, uniq_prince_ribbit1
D:6:      layout_loops_ring, nicolae_ru_the_path_less_chosen,
          minmay_temple_entry_gardened_gates, minmay_misc_feat_secret_circle
D:7:      layout_loops_ring
D:8:      layout_loops_ring, lemuel_crystal_altar, lair_entry_dummy,
          gammafunk_ghost_spectres, david_nohive_1
D:9:      layout_loops_ring, serial_shops, kennysheep_mini_moat, uniq_grum,
          uniq_erica
D:10:     layout_loops_ring
Lair:1:   gammafunk_lair_enchanted_lake, layout_long_grid,
          chequers_serial_rivers_large_a, lemuel_fruit_tree, uniq_fannar,
          uniq_gastronok
Lair:2:   layout_chaotic_city, minmay_swamp_entry_worms,
          chequers_serial_rivers_small_a
Lair:3:   layout_cave_pods, minmay_snake_entry_guardpost_large,
          minmay_lair_oklob_chamber, grunt_megastairs_4
Lair:4:   layout_regular_city, nicolae_volcano_entry_hallway,
          minmay_lair_oklob_bushes, grunt_megastairs_1
Lair:5:   layout_gridlike, ebering_ghost_inner_flame, serial_bayou_shore_b,
          grunt_megastairs_3, uniq_sonja

Skill      XL: |  1  2  3  4  5  6  7  8  9 10 11 12 13 |
---------------+----------------------------------------+-----
Axes           | 4 5 6 7 8 10 11 12 13 | 13.0
Fighting       | 4 5 7 8 9 11 12 | 12.8
Throwing       | 1 2 3 4 5 6 7 |  7.6
Armour         | 3 4 5 6 8 9 |  9.5
Dodging        | 3 4 5 6 7 8 |  8.6
Shields        | 9 12 | 12.6

Action                   |  1- 3 |  4- 6 |  7- 9 | 10-12 | 13-15 || total
-------------------------+-------+-------+-------+-------+-------++-------
Melee: Hand axe          |    82 |   172 |   307 |   709 |    87 ||  1357
       Headbutt          |     8 |    22 |    57 |   170 |    22 ||   279
       Executioner's axe |       |       |       |    14 |       ||    14
Throw: Boomerang         |       |       |   102 |    58 |     7 ||   167
Invok: Trog's Hand       |     1 |     1 |     1 |    11 |     1 ||    15
       Berserk           |       |     1 |     3 |    11 |     1 ||    16
       Brothers in Arms  |       |       |       |     1 |       ||     1
  Use: Scroll            |       |       |       |     6 |     1 ||     7
       Potion            |       |       |       |       |     3 ||     3
  Eat: Chunk             |     1 |     7 |    16 |    22 |       ||    46
       Ration            |       |       |       |     4 |     1 ||     5
Armor: Animal skin       |    14 |       |       |       |       ||    14
       Chain mail        |    20 |   110 |       |       |       ||   130
       Plate armour      |       |    20 |   173 |   433 |    43 ||   669
Dodge: Dodged            |    58 |    69 |   107 |   338 |    54 ||   626
Block: Kite shield       |       |       |       |   136 |    73 ||   209
